Map: Para Site LE

Players

Probe

  • Race: Protoss Protoss
  • Spawn Location: 5:00

puCK (Nina) - Winner!

  • Race: Protoss Protoss
  • League: Grandmaster
  • Spawn Location: 11:00

Event: Cheeseadelphia 8

VOD

Have the link to the VOD?

Description

Time

  • Played on: Dec. 9, 2018, 1:38 p.m.
  • Length: 10:01

All games in this series

Show
View Real Time Build Order
Export as new Build Order

Probe Protoss 

Build Orders: Phoenix Opening 

Get SALT Encoding   

  12  0:00  Probe  
  13  0:12  Probe  
  14  0:17  Pylon  
  14  0:24  Probe  
  15  0:32  Probe  
  15  0:38  Gateway  
  15  0:40  Probe  
  16  0:46  Assimilator  
  17  0:51  Probe  
  17  0:55  Assimilator  
  18  0:59  Probe  
  19  1:06  Gateway  
  19  1:07  Probe  
  20  1:17  Probe  
  20  1:25  Cybernetics Core  
  21  1:29  Probe  
  22  1:34  Pylon  
  22  1:41  Probe  
  23  1:53  Probe  
  24  2:01  Stalker, Sentry  
  24  2:02  Warp Gate  
  28  2:13  Pylon  
  28  2:29  Stargate  
  28  2:46  Stalker  
  28  2:47  Nexus  
  28  2:50  Stalker  
  32  3:04  Phoenix, Shield Battery  
  32  3:07  Probe  
  35  3:19  Probe  
  36  3:27  Phoenix  
  36  3:31  Probe  
  36  3:33  Pylon  
  39  3:51  Probe  
  39  3:52  Phoenix  
  42  4:04  Probe  
  42  4:06  Probe  
  44  4:15  Probe  
  44  4:16  Probe  
  44  4:17  Robotics Facility  
  45  4:18  Forge  
  45  4:23  Probe  
  46  4:25  Probe  
  48  4:32  Probe  
  48  4:33  Probe  
  48  4:34  Sentry  
  52  4:43  Probe  
  52  4:44  Zealot  
  55  4:46  Probe  
  55  4:51  Protoss Ground Weapons Level 1  
  56  4:53  Probe  
  56  4:56  Probe  
  56  4:58  Twilight Council  
  58  5:01  Assimilator, Probe  
  58  5:04  Probe  
  58  5:05  Assimilator  
  60  5:19  Gateway  
  60  5:20  Gateway  
  60  5:21  Gateway  
  60  5:22  Shield Battery  
  60  5:25  Shield Battery  
  60  5:34  Immortal  
  62  5:36  Pylon  
  62  5:37  Pylon  
  62  5:56  Gateway  
  62  5:58  Stalker x2  
  62  5:59  Gateway  
  62  6:07  Immortal  
  57  6:17  Zealot x2  
  64  6:19  Probe  
  63  6:30  Zealot x3  
  60  6:38  Sentry x2  
  63  6:53  Zealot x2  
  62  6:57  Zealot  
  53  7:03  Zealot  
  53  7:07  Zealot  
  44  7:16  Zealot  
  44  7:20  Probe x2  
  46  7:31  Warp Prism, Sentry x2  
  46  7:32  Sentry  
  45  7:52  Probe  
  43  8:00  Sentry  
  43  8:02  Probe  
  46  8:20  Stalker  
  46  8:22  Adept  
  46  8:23  Adept  
  52  8:38  Probe x2  
  43  8:50  Stalker, Zealot  
Show
View Real Time Build Order
Export as new Build Order

puCK Protoss - Winner!

Build Orders: Oracle Opening, Phoenix Opening 

Get SALT Encoding   

  12  0:00  Probe  
  13  0:12  Probe  
  14  0:19  Pylon  
  14  0:24  Probe  
  15  0:33  Probe  
  15  0:39  Gateway  
  15  0:41  Probe  
  16  0:46  Assimilator  
  17  0:51  Probe  
  17  0:54  Assimilator  
  18  0:59  Probe  
  19  1:07  Gateway, Probe  
  20  1:18  Probe  
  21  1:26  Cybernetics Core  
  21  1:31  Probe  
  22  1:43  Probe  
  22  1:45  Pylon  
  23  2:03  Probe  
  23  2:04  Stargate  
  23  2:08  Sentry  
  26  2:14  Pylon  
  26  2:15  Probe  
  27  2:16  Stalker  
  29  2:25  Pylon  
  29  2:38  Oracle  
  29  2:42  Phoenix  
  32  2:53  Nexus  
  32  2:55  Probe  
  33  2:58  Warp Gate  
  33  3:03  Stalker  
  35  3:11  Pylon  
  35  3:15  Probe  
  36  3:27  Stalker  
  38  3:28  Probe  
  39  3:39  Phoenix  
  39  3:40  Probe  
  40  3:45  Gateway  
  42  3:55  Gateway  
  42  3:59  Probe  
  43  4:08  Probe  
  41  4:10  Shield Battery  
  41  4:15  Probe  
  42  4:18  Sentry  
  42  4:19  Stalker  
  42  4:23  Probe  
  47  4:29  Pylon  
  47  4:35  Probe  
  48  4:39  Probe  
  49  4:51  Probe  
  50  4:55  Probe  
  51  5:00  Stalker  
  51  5:01  Stalker x3  
  51  5:05  Shield Battery  
  51  5:06  Probe x2  
  57  5:18  Probe  
  58  5:24  Stalker x3  
  58  5:27  Probe, Sentry  
  67  5:32  Probe  
  68  5:36  Pylon  
  68  5:39  Probe  
  69  5:52  Pylon  
  69  5:56  Stalker x3  
  69  5:57  Zealot  
  77  6:12  Shield Battery  
  71  6:18  Zealot  
  71  6:19  Zealot x3  
  75  6:37  Shield Battery  
  75  6:38  Probe x2  
  75  6:39  Oracle  
  80  6:40  Zealot  
  80  6:41  Zealot x2  
  80  6:46  Pylon  
  80  7:02  Zealot x3  
  78  7:13  Probe x2  
  70  7:16  Zealot  
  70  7:17  Oracle  
  71  7:24  Assimilator x2, Twilight Council  
  71  7:25  Probe x2  
  71  7:27  Zealot  
  71  7:28  Zealot  
  71  7:29  Robotics Facility  
  64  7:53  Probe  
  65  7:59  Oracle  
  65  8:02  Zealot  
  65  8:03  Zealot x3  
  76  8:09  Gateway  
  76  8:12  Gateway  
  76  8:13  Charge  
  76  8:17  Nexus  
  76  8:23  Observer  
  76  8:24  Pylon  
  76  8:26  Pylon x2  
  77  8:28  Pylon  
  77  8:29  Pylon  
  77  8:41  Immortal  
  77  8:43  Zealot x4  
  88  9:03  Pylon  
  88  9:04  Zealot x3  
  88  9:05  Sentry  
  88  9:07  Sentry  
  92  9:26  Zealot  
  69  9:39  Stalker  
Tags
 
Add a new tag
Caveats
  • Supply blocks, unpowered buildings, or Contaminate may cause inaccurate times.
  • Supply counts are checked every 10 seconds.